 Dungeon Crawl Stone Soup version 0.31-a0-233-g139696dc86 (webtiles) character file.

Game seed: 3443861819427103482

238 dolemite99 the Insei (level 5, -3/40 HPs)
             Began as a Demonspawn Transmuter on July 10, 2023.
             Was a Follower of Uskayaw.
             Slain by a scorpion (6 damage)
             ... on level 4 of the Dungeon.
             The game lasted 00:05:11 (5227 turns).

dolemite99 the Insei (Demonspawn Transmuter)        Turns: 5227, Time: 00:05:11

Health: -3/40      AC:  3    Str: 14    XL:     5   Next: 78%
Magic:  6/8        EV: 12    Int: 16    God:    Uskayaw [*.....]
Gold:   184        SH:  0    Dex: 12    Spells: 7/8 levels left

rFire   . .          .
                       - Unarmed
rCold   + . .        (no shield)
rNeg    . . .        n - +0 robe
rPois   .            (helmet currently unavailable)
rElec   .            (no cloak)
rCorr   .            (no gloves)
SInv    .            m - melded +0 pair of boots
Will    .....        (no amulet)
Stlth   +            p - ring of protection from cold
HPRegen 0.26/turn    (no ring)
MPRegen 0.11/turn

%: no passive effects
@: lethally poisoned (-3 -> -22), appendages, very slightly contaminated
A: horns 2, talons 2, claws 1, molten scales 1, deformed body, robust 1, strong
1
a: End Transformation, Renounce Religion, Stomp


You were on level 4 of the Dungeon.
You worshipped Uskayaw.
Uskayaw was noncommittal.
You had temporarily grown beastly horns and talons.
You visited 1 branch of the dungeon, and saw 5 of its levels.

You collected 184 gold pieces.

Inventory:

Hand Weapons
 a - a +1 sling of freezing
 e - a +0 short sword
 q - a +1 dagger of venom
 u - a +2 hammer of draining
Missiles
 g - 17 poisoned darts
Armour
 m - a +0 pair of boots (melded)
 n - a +0 robe (worn)
Magical Staves
 o - a staff of air
Jewellery
 p - a ring of protection from cold (left claw)
 s - an amulet of faith
Wands
 b - a wand of flame (16)
Scrolls
 d - a scroll of enchant armour {unknown}
 h - a scroll of revelation {unknown}
 i - 6 scrolls of identify {unknown}
 j - 2 scrolls of enchant weapon {unknown}
 k - a scroll of vulnerability {unknown}
 t - a scroll of fog {unknown}
 v - a scroll of teleportation
Potions
 c - 2 potions of mutation
 f - a potion of cancellation {unknown}
 l - 3 potions of curing {unknown}
 r - a potion of brilliance {unknown}
 w - a potion of invisibility {unknown}


   Skills:
 - Level 1.0 Fighting
 - Level 1.7 Dodging
 + Level 6.0 Unarmed Combat
 - Level 2.0 Spellcasting
 - Level 1.7 Transmutations


You had 7 spell levels left.
You knew the following spells:

 Your Spells              Type           Power      Damage    Failure   Level
a - Beastly Appendage     Tmut           14%        N/A       10%         1

Your spell library contained the following spells:

 Spells                   Type           Power      Damage    Failure   Level
 Sting                    Tmut/Pois      16%        1d3       14%         1
 Wereblood                Tmut           7%         N/A       16%         2
 Slow                     Hex            4%         N/A       21%         1
 Cigotuvi's Dreadful Rot  Necr/Pois/Air  2%         N/A       30%         2
 Poisonous Vapours        Pois/Air       2%         N/A       30%         2
 Spider Form              Tmut/Pois      4%         N/A       41%         3
 Ignite Poison            Fire/Tmut/Pois 3%         N/A       43%         3
 Confusing Touch          Hex            1%         N/A       52%         3
 Vampiric Draining        Necr           1%         2d6       52%         3
 Ice Form                 Ice/Tmut       4%         N/A       82%         4
 Olgreb's Toxic Radiance  Pois           1%         N/A       90%         4
 Freezing Cloud           Conj/Ice/Air   0%         6-21      99%         5
 Conjure Ball Lightning   Conj/Air       0%         3x3d6     100%        6
 Discord                  Hex            0%         N/A       100%        8
 Disjunction              Tloc           0%         N/A       100%        8


Dungeon Overview and Level Annotations

Branches:
Dungeon (5/15)
 Temple: D:4-7

Altars:
Makhleb
Qazlal
Uskayaw

Shops:
D:4 (

Annotations:
D:3 1 runed translucent door, Crazy Yiuf
D:5 1 runed translucent door


Innate Abilities, Weirdness & Mutations

You have temporarily grown beastly horns and talons.
You have sharp fingernails.
You are partially covered in molten scales. (AC +2)
Armour fits poorly on your strangely shaped body.
You are robust. (+10% HP)
Your muscles are strong. (Str +4, Int/Dex -1)


Message History

You shoot a sling bullet.
The sling bullet barely misses the scorpion.
You feel sick. The scorpion closely misses you.
The scorpion stings you but does no damage.
Your +1 sling of freezing stops glowing.
You are now empty-clawed.
Casting: Beastly Appendage (safe; 10% risk of failure)
Confirm with . or Enter, or press ? or * to list all spells.
You miscast Beastly Appendage.
You are very lightly contaminated with residual magic.
Nothing appears to happen.
You feel sick. The scorpion stings you.
Casting: Beastly Appendage (safe; 10% risk of failure)
Confirm with . or Enter, or press ? or * to list all spells.
You grow a pair of large bovine horns.
Your feet morph into talons.
Your +0 pair of boots melds into your body.
You feel sick. The scorpion barely misses you. The scorpion stings you.
You are more poisoned.
The scorpion poisons you!
You feel sick. The scorpion barely misses you.
You closely miss the scorpion. Your kick misses the scorpion.
Your headbutt misses the scorpion.
The scorpion is lightly wounded.
You feel sick. The scorpion stings you.
You are lethally poisoned!
The scorpion poisons you!
You scratch the scorpion. Your kick misses the scorpion.
You headbutt the scorpion.
The scorpion is heavily wounded.
* * * LOW HITPOINT WARNING * * *
You feel very sick. The scorpion stings you.
* * * LOW HITPOINT WARNING * * *
You are more poisoned.
The scorpion poisons you!
It was a potion of mutation.
You feel extremely strange.
Your body twists and deforms.
You feel stronger.
You feel robust.
* * * LOW HITPOINT WARNING * * *
You feel very sick. The scorpion stings you.
You die...

#.....#####...#)###.#.#
.......+...'...+.....#.#
........#####...#'#####.#
..........# #####....#
#.#
...##.....##...##....#
#.# .''.....##...#.....#
#.#
#.....##...#.....###.#
#..........#.##...##..
#....@..[..#.##...##..
#...s......')##...##..
##.........####...###.
.....####..### #...# #.
..... #..######...###.
.... #>.............. ###
################ # #


You could see a scorpion.

Vanquished Creatures
  A jelly (D:4)
  A hound (D:4)
  Jessica (D:3)
  Robin (D:3)
  2 adders (D:2)
  2 worms
  3 dart slugs (D:1)
  4 orcs
  5 bats
  6 endoplasms
  6 giant cockroaches
  16 goblins
  11 hobgoblins
  5 jackals
  4 quokkas
  7 ball pythons
  2 frilled lizards
  6 kobolds
  6 rats
89 creatures vanquished.

Notes
Turn   | Place    | Note
-------+----------+-------------------------------------------
     0 | D:1      | dolemite99 the Demonspawn Transmuter began the quest for
                  | the Orb.
     0 | D:1      | Reached XP level 1. HP: 15/15 MP: 3/3
    95 | D:1      | Reached skill level 3 in Unarmed Combat
   474 | D:1      | Gained mutation: You are partially covered in molten
                  | scales. (AC +2) [demonic ancestry]
   474 | D:1      | Reached XP level 2. HP: 18/21 MP: 5/5
   931 | D:1      | Gained mutation: You have sharp fingernails. [demonic
                  | ancestry]
   931 | D:1      | Reached XP level 3. HP: 21/26 MP: 4/6
  1073 | D:1      | Found a faded altar of an unknown god.
  1317 | D:1      | Prayed at the altar of an unknown god.
  1317 | D:1      | Became a worshipper of Uskayaw the Reveller
  1317 | D:1      | Reached * piety under Uskayaw
  1381 | D:1      | Reached skill level 4 in Unarmed Combat
  1826 | D:2      | Reached ** piety under Uskayaw
  2116 | D:2      | Reached XP level 4. HP: 32/32 MP: 7/7
  2324 | D:3      | Found a stormy altar of Qazlal.
  2467 | D:3      | Noticed Robin
  2496 | D:3      | Reached *** piety under Uskayaw
  2498 | D:3      | Killed Robin
  2507 | D:3      | Reached **** piety under Uskayaw
  2537 | D:3      | Reached skill level 5 in Unarmed Combat
  3089 | D:3      | Noticed Jessica
  3098 | D:3      | Killed Jessica
  3099 | D:3      | Reached XP level 5. HP: 27/37 MP: 8/8
  3498 | D:3      | Found a runed translucent door.
  3499 | D:3      | Noticed Crazy Yiuf
  3554 | D:3      | You fall into a shaft and drop 2 floors!
  3554 | D:5      | Entered Level 5 of the Dungeon
  3575 | D:5      | Found a runed translucent door.
  3611 | D:4      | Found Nueliem's Antique Weapon Shoppe.
  3839 | D:3      | Found a burning altar of Makhleb.
  4663 | D:4      | Reached skill level 6 in Unarmed Combat
  5227 | D:4      | Gained mutation: Armour fits poorly on your strangely
                  | shaped body. [potion of mutation]
  5227 | D:4      | Gained mutation: Your muscles are strong. (Str +4, Int/Dex
                  | -1) [potion of mutation]
  5227 | D:4      | Gained mutation: You are robust. (+10% HP) [potion of
                  | mutation]
  5227 | D:4      | Slain by a scorpion

Illustrated notes

Levels and vault maps discovered:
D:1:      saegor_arrival_fortress, layout_loops_ring,
          shapermc_ecumenical_altar_gd, amcnicky_mini_corridor_feature
D:2:      layout_basic, st_stairs_12
D:3:      layout_loops_corners, mainiacjoe_overflow_alcove_2,
          jmf_multi_god_temple, uniq_robin, uniq_jessica,
          uniq_crazy_yiuf_cottage
D:4:      layout_basic, nicolae_stop_n_shop_1, minmay_misc_feat_hallway
D:5:      layout_cave_pools, portal_sewer_entry_e, ebering_ghost_disaster_area,
          lightli_church_of_beogh

Skill      XL: |  1  2  3  4  5 |
---------------+----------------+-----
Unarmed Combat | 3 4 5 6 |  6.0
Fighting       | |  1.0
Dodging        | |  1.7
Spellcasting   | |  2.0
Transmutations | |  1.7

Action                     |  1- 3 |  4- 6 || total
---------------------------+-------+-------++-------
  Melee: Unarmed           |    98 |    33 ||   131
         Kick              |    10 |       ||    10
         Headbutt          |     5 |     1 ||     6
         Punch             |     2 |     1 ||     3
   Fire: Sling             |    25 |   143 ||   168
   Cast: Beastly Appendage |    13 |     3 ||    16
    Use: Scroll            |     1 |       ||     1
         Potion            |       |     3 ||     3
   Stab: Paralysed         |       |     1 ||     1
 Armour: Robe              |    48 |    43 ||    91
         Skin              |       |    11 ||    11
  Dodge: Dodged            |    92 |    89 ||   181

Table legend: (Time is in decaauts)
 A = Elapsed time spent in this place.
 B = Non-inter-level travel time spent in this place.
 C = Inter-level travel time spent in this place.
 D = Time resting spent in this place.
 E = Time spent auto-exploring this place.
 F = Levels seen in this place.
 G = Mean time per level.
                   A        B        C        D        E       F      G
               +--------+--------+--------+--------+--------+-----+--------+
         Total |   5273 |   5100 |    173 |   1901 |   2250 |   5 | 1054.6 |
       Dungeon |   5273 |   5100 |    173 |   1901 |   2250 |   5 | 1054.6 |
               +--------+--------+--------+--------+--------+-----+--------+

Top non-repeatable levels by time:
     D:3: 2004 daAuts
     D:1: 1674 daAuts
     D:4: 913 daAuts
     D:2: 624 daAuts
     D:5: 56 daAuts
